 Dungeon Crawl Stone Soup version 0.30.2 (webtiles) character file.

Game seed: 12150289283242909109

55 porpoise the Shooter (level 3, 0/22 HPs)
             Began as a Tengu Hunter on Feb 29, 2024.
             Slain by a water moccasin (6 damage)
             ... on level 3 of the Dungeon.
             The game lasted 00:03:12 (1520 turns).

porpoise the Shooter (Tengu Hunter)                 Turns: 1520, Time: 00:03:13

Health: 0/22       AC:  4    Str: 11    XL:     3   Next: 93%
Magic:  4/4        EV:  9    Int:  9    God:
Gold:   134        SH:  0    Dex: 19    Spells: 2/2 levels left

rFire   . . .        a - +0 shortbow
rCold   . . .        (shield currently unavailable)
rNeg    . . .        c - +0 leather armour
rPois   .            (helmet restricted)
rElec   .            (no cloak)
rCorr   .            q - +0 pair of gloves
SInv    .            (boots unavailable)
Will    .....        (no amulet)
Stlth   ++           (no ring)
HPRegen 0.23/turn    (no ring)
MPRegen 0.09/turn

%: no passive effects
@: lethally poisoned (0 -> -7), constricted
A: beak, talons 3
a: no special abilities


You were on level 3 of the Dungeon.
You visited 1 branch of the dungeon, and saw 3 of its levels.

You collected 134 gold pieces.

Inventory:

Hand Weapons
 a - a +0 shortbow (weapon)
 b - a +5 short sword
 w - the +4 dagger of Pain and Death {freeze, rElec}
   (You found it on level 3 of the Dungeon)

   rElec:     It insulates you from electricity.
Missiles
 h - 3 boomerangs
Armour
 c - a +0 leather armour (worn)
 o - an orb of guile
 q - a +0 pair of gloves (worn)
Scrolls
 d - a scroll of fear {unknown}
 e - 2 scrolls of immolation
 f - 2 scrolls of identify {unknown}
 g - a scroll of amnesia {unknown}
 i - a scroll of vulnerability {unknown}
 j - a scroll of teleportation {unknown}
 k - a scroll of enchant armour {unknown}
 n - a scroll of magic mapping {unknown}
Potions
 l - 2 potions of curing
 m - a potion of brilliance {unknown}
 p - a potion of attraction {unknown}


   Skills:
 + Level 2.6 Fighting
 * Level 5.2 Ranged Weapons
 - Level 2.1 Dodging
 + Level 2.0 Stealth


You had 2 spell levels left.
You didn't know any spells.
Your spell library was empty.

Dungeon Overview and Level Annotations

Branches:
Dungeon (3/15)

Altars:


Innate Abilities, Weirdness & Mutations

You have a beak for a mouth.
You have claws for feet.


Message History

The arrow barely misses the endoplasm.
The water moccasin hisses angrily.
The endoplasm quivers.
The endoplasm jiggles.
The water moccasin moves out of view.
You shoot an arrow.
The arrow closely misses the ball python.
You shoot an arrow. The arrow hits the endoplasm.
You kill the endoplasm!
You shoot an arrow. The arrow hits the water moccasin.
The water moccasin is lightly wounded.
You shoot an arrow.
The arrow closely misses the water moccasin.
You shoot an arrow. The arrow misses the water moccasin.
The water moccasin bites you.
You are poisoned.
The water moccasin poisons you! The water moccasin closely misses you.
You shoot an arrow.
The arrow barely misses the ball python.
You feel very sick. The water moccasin bites you.
The ball python barely misses you. The ball python grabs you.
The ball python constricts you. The ball python bites you.
The ball python constricts you. The water moccasin bites you.
It was a potion of curing.
You feel better.
The water moccasin bites you but does no damage.
The ball python barely misses you. The ball python constricts you.
You shoot an arrow. The arrow misses the water moccasin.
The water moccasin bites you!
You are lethally poisoned!
The water moccasin poisons you!
The ball python bites you but does no damage.
The ball python constricts you. The water moccasin closely misses you.
The ball python bites you but does no damage.
The ball python constricts you.
You shoot an arrow.
The arrow barely misses the water moccasin.
* * * LOW HITPOINT WARNING * * *
You feel very sick. The water moccasin bites you.
You die...

.. .. )#######
......### ..?.?..
####....#
##...SS.#
#.....@.#
#########.......#
#...............#
#...............#
#[..............#
#...............##
#................#
#................#
#.....<...)......#


You could see a water moccasin and a ball python.

Vanquished Creatures
  2 adders (D:2)
  2 worms
  5 ball pythons
  2 endoplasms (D:3)
  2 giant cockroaches
  3 goblins
  3 hobgoblins
  2 bats
  7 frilled lizards
  4 kobolds
  A rat (D:1)
33 creatures vanquished.

Notes
Turn   | Place    | Note
-------+----------+-------------------------------------------
     0 | D:1      | porpoise the Tengu Hunter began the quest for the Orb.
     0 | D:1      | Reached XP level 1. HP: 12/12 MP: 2/2
   215 | D:1      | Reached XP level 2. HP: 17/17 MP: 3/3
   794 | D:2      | Reached XP level 3. HP: 16/22 MP: 4/4
   851 | D:2      | Reached skill level 5 in Ranged Weapons
  1499 | D:3      | Identified the +4 dagger of Pain and Death {freeze, rElec}
  1511 | D:3      | Noticed a water moccasin
  1520 | D:3      | Slain by a water moccasin

Illustrated notes

Levels and vault maps discovered:
D:1:      dpeg_arrival_arbitrary_c, layout_basic, nicolae_wormholes
D:2:      layout_loops_ring
D:3:      minmay_chambers_of_twos, layout_basic, kennysheep_slug_shrine,
          basic_ecumenical_altar

Skill      XL: |  1  2  3 |
---------------+----------+-----
Ranged Weapons | 5 |  5.2
Stealth        | 2 |  2.0
Fighting       | |  2.6
Dodging        | |  2.1

Action                     || total
---------------------------++-------
   Fire: Shortbow          ||    88
    Use: Potion            ||     1
 Armour: Leather armour    ||     9
  Dodge: Dodged            ||    27
